 Dungeon Sprint DCSS version 0.31-a0-675-g238779eb0a (webtiles) character file.

Game seed: 625563593819075665

2831 sircluck the Grappler (level 9, -1/157 HPs)
             Began as a Troll Berserker on Sept 5, 2023.
             Was a High Priest of Trog.
             Slain by a centaur warrior (4 damage)
             ... in the Dungeon (Sprint I: "Red Sonja").
             The game lasted 00:01:52 (468 turns).

sircluck the Grappler (Troll Berserker)              Turns: 468, Time: 00:01:52

Health: -1/157     AC:  6    Str: 37    XL:     9   Next: 45%
Magic:  8/8        EV: 12    Int:  3    God:    Trog [*****.]
Gold:   682        SH:  0    Dex:  9    Spells: 8/8 levels left

rFire   . .          .
                       - Unarmed
rCold   . . .        (no shield)
rNeg    . . .        k - +1 robe {Will+}
rPois   .            (helmet restricted)
rElec   .            n - +0 cloak
rCorr   .            (gloves unavailable)
SInv    .            (boots unavailable)
Will    +....        (no amulet) Stlth
                     m - +6 ring of strength
HPRegen 1.26/turn    (no ring)
MPRegen 0.11/turn

%: no teleportation
@: berserking, very quick
A: large, unfitting armour, claws 3, regeneration 1, shaggy fur 1, tough skin 1
a: Renounce Religion, Berserk, Trog's Hand, Brothers in Arms


You were in the Dungeon.
You worshipped Trog.
Trog was extremely pleased with you.
You visited 1 branch You collected 819 gold pieces.
You spent 137 gold pieces at shops.

Inventory:

Missiles
 j - 2 curare-tipped darts
Armour
 a - a +0 animal skin
 k - a +1 robe of willpower (worn)
 n - a +0 cloak (worn)
Jewellery
 m - a +6 ring of strength (left claw)
Wands
 h - a wand of iceblast (10)
Scrolls
 g - a scroll of blinking
 i - a scroll of immolation {unknown}
 l - a scroll of fear {unknown}
Potions
 b - 2 potions of curing
 c - a potion of heal wounds
 d - a potion of haste
 e - 2 potions of magic
 f - a potion of berserk rage


   Skills:
 + Level 11.2 Fighting
 + Level 11.1 Dodging
 + Level 13.0 Unarmed Combat


You had 8 spell levels left.
You didn't know any spells.
Your spell library was empty.

Dungeon Overview and Level Annotations

Branches:
Dungeon (1/1)

Altars:
Cheibriados
Dithmenos
Elyvilon
Fedhas
Gozag
Hepliaklqana
Kikubaaqudgha
Makhleb
Nemelex Xobeh
Okawaru
Qazlal
Ru
Sif Muna
Trog
Uskayaw
Vehumet
Wu Jian
Xom
Yredelemnul
Zin
The Shining One
Jiyva
Lugonu

Shops:
D [:[


Innate Abilities, Weirdness & Mutations

You are too large for most types of armour.
You have claws for hands.
Your natural rate of healing is unusually fast.
You are covered in fur. (AC +1)
You have tough skin. (AC +1)


Message History

The centaur warrior hits you.
The centaur warrior kicks you but does no damage.
The centaur warrior barely misses you. The centaur warrior kicks you.
You barely miss the centaur warrior.
The centaur warrior is severely wounded.
The centaur warrior hits you.
* * * LOW HITPOINT WARNING * * *
The centaur warrior closely misses you. The centaur warrior hits you.
* * * LOW HITPOINT WARNING * * *
The centaur warrior misses you.
A red film seems to cover your vision as you go berserk!
You feel yourself moving faster!
You feel mighty! The centaur warrior hits you!
* * * LOW HITPOINT WARNING * * *
The centaur warrior kicks you but does no damage.
The centaur warrior hits you!
* * * LOW HITPOINT WARNING * * *
The centaur warrior kicks you but does no damage.
You claw the centaur warrior!
The centaur warrior is almost dead.
The centaur warrior hits you.
* * * LOW HITPOINT WARNING * * *
The centaur warrior kicks you but does no damage.
The centaur warrior barely misses you. The centaur warrior closely misses you.
You mangle the centaur warrior!!
You kill the centaur warrior!
Trog accepts your kill.
Trog will now gift you melee weapons as you gain piety.
You hear a splash.
The centaur warrior hits you!
* * * LOW HITPOINT WARNING * * *
The centaur warrior kicks you but does no damage.
Your Fighting skill increases to level 11!
Your Dodging skill increases to level 11!
Your Unarmed Combat skill increases to level 13!
You eviscerate the centaur warrior!!!
The centaur warrior is severely wounded.
The centaur warrior hits you!
* * * LOW HITPOINT WARNING * * *
The centaur warrior kicks you.
You die...

#########################
<.#..)..#.)'..#__#..')..#
..').#..'..#..'..'..#)..#
..#####'#####'#__####...+
..####..#...#)####?)#####
..#__####..##[#~§§§.#
..#_____##'#_.+§§c§.+
⌠⌠#_.∩...÷..._#§@§§.#
###_..__##_.#'##§####
#_____###'#.#§)[.###
###########.####'###)##
∩........'...'.....'.∩#
##++++####...##########
###.### #.#'#.# #.....#


You could see a centaur warrior.

Vanquished Creatures
  A centaur warrior (D)
  Sonja (D)
  A deep troll (D)
  2 kobold demonologists (D)
  A slime creature (D)
  Sigmund (D)
  A yak (D)
  A floating eye (D)
  An ogre (D)
  A jelly (D)
  Ijyb (D)
12 creatures vanquished.

Vanquished Creatures (others)
  2 ballistomycete spores (D)
2 creatures vanquished.

Grand Total: 14 creatures vanquished

Notes
Turn   | Place    | Note
-------+----------+-------------------------------------------
     0 | D        | sircluck the Troll Berserker began the quest for the Orb.
     0 | D        | Reached XP level 1. HP: 22/22 MP: 0/0
     1 | D        | Noticed Ijyb
    11 | D        | Killed Ijyb
    12 | D        | Reached skill level 4 in Unarmed Combat
    12 | D        | Reached XP level 2. HP: 31/32 MP: 1/1
    16 | D        | Noticed an ogre
    21 | D        | Killed an ogre
    22 | D        | Reached skill level 5 in Fighting
    22 | D        | Reached skill level 5 in Dodging
    22 | D        | Reached skill level 6 in Unarmed Combat
    22 | D        | Reached XP level 3. HP: 15/42 MP: 2/2
    22 | D        | Reached XP level 4. HP: 18/50 MP: 3/3
    53 | D        | Noticed Sigmund
    56 | D        | Killed Sigmund
    56 | D        | Reached ** piety under Trog
    57 | D        | Reached skill level 7 in Unarmed Combat
    57 | D        | Reached XP level 5. HP: 61/61 MP: 4/4
    69 | D        | Found a burning altar of Makhleb.
    69 | D        | Found a viscous altar of Jiyva.
    69 | D        | Found a shimmering altar of Xom.
    69 | D        | Found a corrupted altar of Lugonu.
    69 | D        | Noticed a slime creature
    73 | D        | Killed a slime creature
    74 | D        | Reached skill level 8 in Unarmed Combat
    74 | D        | Reached XP level 6. HP: 71/71 MP: 5/5
   104 | D        | Found an ornate altar of the Wu Jian Council.
   104 | D        | Found a shimmering blue altar of Sif Muna.
   106 | D        | Found a radiant altar of Vehumet.
   106 | D        | Identified the +10 mace of Saozxeih {protect, rPois Stlth+}
   110 | D        | Reached skill level 9 in Unarmed Combat
   140 | D        | Found Aronutus's Book Emporium.
   140 | D        | Found an ancient bone altar of Kikubaaqudgha.
   140 | D        | Found a hazy altar of Hepliaklqana.
   140 | D        | Found a hide-covered altar of Uskayaw.
   140 | D        | Found a basalt altar of Yredelemnul.
   140 | D        | Found an opulent altar of Gozag.
   140 | D        | Found a snail-covered altar of Cheibriados.
   140 | D        | Found a sacrificial altar of Ru.
   140 | D        | Found a shadowy altar of Dithmenos.
   140 | D        | Noticed a yak
   152 | D        | Killed a yak
   152 | D        | Reached *** piety under Trog
   153 | D        | Reached XP level 7. HP: 43/80 MP: 6/6
   153 | D        | Found a stormy altar of Qazlal.
   153 | D        | Found a blossoming altar of Fedhas.
   153 | D        | Found a bloodstained altar of Trog.
   153 | D        | Found an iron altar of Okawaru.
   153 | D        | Found a glowing golden altar of the Shining One.
   153 | D        | Found a glowing silver altar of Zin.
   153 | D        | Found a white marble altar of Elyvilon.
   154 | D        | Found a sparkling altar of Nemelex Xobeh.
   198 | D        | Noticed a kobold demonologist
   198 | D        | Noticed a kobold demonologist
   205 | D        | Killed a kobold demonologist
   206 | D        | Reached skill level 10 in Unarmed Combat
   208 | D        | Killed a kobold demonologist
   208 | D        | Reached **** piety under Trog
   209 | D        | Reached skill level 11 in Unarmed Combat
   209 | D        | Reached XP level 8. HP: 89/92 MP: 7/7
   233 | D        | Noticed Sonja
   242 | D        | Killed Sonja
   243 | D        | Reached skill level 10 in Fighting
   243 | D        | Reached skill level 10 in Dodging
   342 | D        | Found Onium's Antique Armour Boutique.
   350 | D        | Bought a glowing robe for 88 gold pieces
   372 | D        | Noticed a deep troll
   378 | D        | Killed a deep troll
   379 | D        | Reached skill level 12 in Unarmed Combat
   379 | D        | Reached XP level 9. HP: 42/102 MP: 8/8
   401 | D        | Found Baboulia's Armour Emporium.
   406 | D        | Bought a +0 cloak for 49 gold pieces
   458 | D        | Noticed a centaur warrior
   458 | D        | Noticed a centaur warrior
   467 | D        | Killed a centaur warrior
   467 | D        | Reached ***** piety under Trog
   468 | D        | Reached skill level 13 in Unarmed Combat
   468 | D        | HP: 3/157 [centaur warrior (13)]
   468 | D        | Slain by a centaur warrior

Illustrated notes

Levels and vault maps discovered:
D:        dungeon_sprint_1 [red_sonja_temple_1, red_sonja_temple_small_1]

Skill      XL: |  1  2  3  4  5  6  7  8  9 |
---------------+----------------------------+-----
Fighting       | 3 5 6 7 8 9 10 11 | 11.2
Dodging        | 3 5 6 7 8 9 10 11 | 11.1
Unarmed Combat | 4 6 7 8 9 11 12 13 | 13.0

Action                     |  1- 3 |  4- 6 |  7- 9 || total
---------------------------+-------+-------+-------++-------
  Melee: Unarmed           |    13 |    18 |    24 ||    55
         Punch             |     1 |     1 |       ||     2
 Invoke: Berserk           |       |     1 |     2 ||     3
    Use: Potion            |       |       |     1 ||     1
 Armour: Animal skin       |     7 |     7 |    13 ||    27
         Robe              |       |       |    42 ||    42
  Dodge: Dodged            |     3 |     6 |    19 ||    28

Table legend: (Time is in decaauts)
 A = Elapsed time spent in this place.
 B = Non-inter-level travel time spent in this place.
 C = Inter-level travel time spent in this place.
 D = Time resting spent in this place.
 E = Time spent auto-exploring this place.
 F = Levels seen in this place.
 G = Mean time per level.
                   A        B        C        D        E       F      G
               +--------+--------+--------+--------+--------+-----+--------+
         Total |    490 |    475 |     15 |     57 |     85 |   1 |  490.0 |
       Dungeon |    490 |    475 |     15 |     57 |     85 |   1 |  490.0 |
               +--------+--------+--------+--------+--------+-----+--------+

Top non-repeatable levels by time:
       D: 490 daAuts
